 Dungeon Crawl Stone Soup version 0.31.0-9-g3a7656b989 (webtiles) character file.

Game seed: 1388739161355296790

32 qw the Shooter (level 3, -1/20 HPs)
             Began as a Deep Elf Hunter on Feb 2, 2024.
             Succumbed to their own poison gas
             ... on level 1 of the Dungeon.
             The game lasted 00:00:02 (732 turns).

qw the Shooter (Deep Elf Hunter)                     Turns: 732, Time: 00:00:03

Health: -1/20      AC:  6    Str: 10    XL:     3   Next: 10%
Magic:  5/5        EV: 11    Int: 13    God:
Gold:   3          SH:  0    Dex: 18    Spells: 2/2 levels left

rFire   . . .        a - +1 shortbow
rCold   . . .        (shield currently unavailable)
rNeg    . . .        f - +0 ring mail
rPois   .            (no helmet)
rElec   .            (no cloak)
rCorr   .            e - +0 pair of gloves
SInv    .            (no boots)
Will    .....        (no amulet)
Stlth   +            (no ring)
HPRegen 0.23/turn    (no ring)
MPRegen 0.09/turn

%: no passive effects
@: lethally poisoned (-1 -> -8)
A: no striking features
a: no special abilities


You were on level 1 of the Dungeon.
You visited 1 branch of the dungeon, and saw 1 of its levels.

You collected 3 gold pieces.


   Skills:
 - Level 1.5 Fighting
 + Level 6.7 Ranged Weapons
 - Level 2.4 Dodging
 - Level 1.2 Stealth


You had 2 spell levels left.
You didn't know any spells.
Your spell library was empty.

Inventory:

Hand Weapons
 a - a +1 shortbow (weapon)
Armour
 e - a +0 pair of gloves (worn)
 f - a +0 ring mail (worn)
Potions
 h - a potion of heal wounds

Dungeon Overview and Level Annotations

Branches:
Dungeon (1/15)

Altars:


Message History

716 ||| ENCHANTING +0 shortbow.
Your +0 shortbow glows red for a moment.
Done exploring.
717 ||| READING scroll labelled HIQUSU JIESUU.
The air fills with toxic fumes!
As you read the scroll labelled HIQUSU JIESUU, it crumbles to dust.
It was a scroll of poison.
Done exploring.
718 ||| DROPPING scroll of butterflies.
You drop a scroll of butterflies.
Done exploring.
What level of the Dungeon? (default 1, ? - help) Sorry, I don't know how to get there.
Enter note:
Enter note:
Enter note:
Enter note:
Enter note:
Enter note: You are engulfed in poison gas.
You are poisoned.
You feel very sick.
720 ||| Stepping ~*~*~tactically~*~*~ (cloud).
You feel very sick.
Things that are here:
a scroll of butterflies; a +0 leather armour
721 ||| DRINKING potion of curing.
You feel better.
721 ||| (to cure poison)
You start resting.
HP restored.
You are engulfed in poison gas.
You are poisoned.
You feel very sick.
729 ||| Stepping ~*~*~tactically~*~*~ (cloud).
You feel very sick.
Things that are here:
a scroll of butterflies; a +0 leather armour
There is a lethal amount of poison in your body!
You feel sick.
There is a lethal amount of poison in your body!
You feel sick.
There is a lethal amount of poison in your body!
You die...

#.####.###.# #.+.P~~~#<##[...
#....#.....###.#.~~.~#.##....
####.########..#~.~PP#.#....#
#.....#.......#.~.....#.##.#
#.##..#.#####.#..~~~~~#.##.#
#.#........##.#.P~P.PP#.#...
#.#......#..%.'~~P.~~~#.....
#.#..##################.....
#.#...#.000@# #.............
#.##.>#.###0# #.###)>##...##
#.....#.# #0# #.# #...+.....
########.#.###'###.# ##.##....#
#.....#..#...00.##.####.###.>..
#.###'#..#....0.##.#.........##
#.##............##.#.##......##
#.##.......###.[...#.........##
#.##.........#######.........##


There were no monsters in sight!

Vanquished Creatures
  4 bats (D:1)
  7 endoplasms (D:1)
  A giant cockroach (D:1)
  3 goblins (D:1)
  A hobgoblin (D:1)
  3 kobolds (D:1)
  A quokka (D:1)
  3 ball pythons (D:1)
  2 frilled lizards (D:1)
  3 rats (D:1)
28 creatures vanquished.

Notes
Turn   | Place    | Note
-------+----------+-------------------------------------------
     0 | D:1      | qw the Deep Elf Hunter began the quest for the Orb.
     0 | D:1      | Reached XP level 1. HP: 12/12 MP: 3/3
     0 | D:1      | 0 ||| qw: Version: 0.3-a-155-g5e7d8dd
     0 | D:1      | 0 ||| qw: Game counter: 16
     0 | D:1      | 0 ||| qw: Melee chars always use a shield: true
     0 | D:1      | 0 ||| qw: God list: Okawaru
     0 | D:1      | 0 ||| qw: Allow faded altars: false
     0 | D:1      | 0 ||| qw: Do Orc after clearing Dungeon:15 true
     0 | D:1      | 0 ||| qw: Do second Lair branch before Depths: true
     0 | D:1      | 0 ||| qw: Lair rune preference: random
     0 | D:1      | 0 ||| qw: Goals: Normal
     0 | D:1      | 0 ||| PLANNING D:1-11
   135 | D:1      | Reached XP level 2. HP: 16/16 MP: 4/4
   151 | D:1      | Reached skill level 6 in Ranged Weapons
   491 | D:1      | Reached XP level 3. HP: 20/20 MP: 5/5
   697 | D:1      | 697 ||| UPGRADING to +0 pair of gloves.
   702 | D:1      | 702 ||| UPGRADING to +0 ring mail.
   712 | D:1      | 712 ||| DROPPING +0 leather armour.
   713 | D:1      | 713 ||| READING 3 scrolls labelled ELUDOAFIMY.
   713 | D:1      | 713 ||| IDENTIFYING purple potion
   714 | D:1      | 714 ||| READING 2 scrolls of identify.
   714 | D:1      | 714 ||| IDENTIFYING bubbling amethyst potion
   715 | D:1      | 715 ||| READING scroll of identify.
   715 | D:1      | 715 ||| IDENTIFYING scroll labelled YMEBAG MUFOC
   716 | D:1      | 716 ||| READING scroll of enchant weapon.
   716 | D:1      | 716 ||| ENCHANTING +0 shortbow.
   717 | D:1      | 717 ||| READING scroll labelled HIQUSU JIESUU.
   718 | D:1      | 718 ||| DROPPING scroll of butterflies.
   720 | D:1      | 720 ||| Stepping ~*~*~tactically~*~*~ (cloud).
   721 | D:1      | 721 ||| DRINKING potion of curing.
   721 | D:1      | 721 ||| (to cure poison)
   729 | D:1      | 729 ||| Stepping ~*~*~tactically~*~*~ (cloud).
   729 | D:1      | HP: 4/20 [poisoned by you (poison gas)]
   731 | D:1      | HP: 1/20 [poisoned by you (poison gas)]
   732 | D:1      | Succumbed to their own poison gas

Levels and vault maps discovered:
D:1:      lightli_arrival_flooded_house, layout_basic, serial_park_tiny_pond

Skill      XL: |  1  2 |
---------------+-------+-----
Ranged Weapons | 6 |  6.7
Fighting       | |  1.5
Dodging        | |  2.4
Stealth        | |  1.2

Action                     || total
---------------------------++-------
   Fire: Shortbow          ||    72
    Use: Scroll            ||     5
         Potion            ||     1
 Armour: Leather armour    ||     7
  Dodge: Dodged            ||     9

Table legend:
 A = Non-vault XP
 B = Vault XP
 C = Vault XP percentage of total XP
 D = Non-vault monster count
 E = Vault monster count
 F = Vault count percentage of total count
                 A         B        C        D         E       F
            +---------+---------+-------+---------+---------+-------
      Total |      47 |       0 |   0.0 |      28 |       0 |   0.0
            +---------+---------+-------+---------+---------+-------
        D:1 |      47 |       0 |   0.0 |      28 |       0 |   0.0
            +---------+---------+-------+---------+---------+-------
